 Dungeon Crawl Stone Soup version 0.28.0 (webtiles) character file.

Game seed: 3121855667178124069

192843 inmateoo the Transmogrifier (level 18, -2/124 HPs)
             Began as an Octopode Earth Elementalist on Feb 9, 2022.
             Was the Champion of Cheibriados.
             Slain by a naga warrior (49 damage)
             ... on level 4 of the Snake Pit.
             The game lasted 00:49:43 (32627 turns).

inmateoo the Transmogrifier (OpEE)                 Turns: 32627, Time: 00:49:43

Health: -2/124     AC: 24    Str: 28    XL:     18   Next: 69%
Magic:  28/34      EV: 38    Int: 47    God:    Cheibriados [******]
Gold:   473        SH:  0    Dex: 40    Spells: 14/42 levels left

rFire   + + .      SeeInvis .     - Unarmed
rCold   + . .      Faith    .   (shield currently unavailable)
rNeg    + . .      Spirit   .   (helmet currently unavailable)
rPois   ∞          Reflect  .   S - amulet of regeneration
rElec   +          Harm     .   c - +4 ring of protection
rCorr   +          Rampage  .   y - ring "Icywor" {rElec rPois rF+ Str-2 Int+2}
Will    ++...      Clarity  +   x - ring of Nemelex Xobeh's Pride {rC+ Dex+6}
Stlth   ++++......              O - +6 ring of strength
HPRegen 1.10/turn               T - +6 ring of intelligence
MPRegen 0.24/turn               K - ring "Buczetidgh" {rPois rCorr Str+2 Dex+5}
                                U - ring of protection from fire
                                V - ring of positive energy

@: storm-form, weakened, flying, very slow
A: cleaving, flying, almost no armour, amphibious, 8 rings, (camouflage 1),
(gelatinous body 1), (nimble swimmer 1), (tentacles), clarity, strong-willed 1,
(electricity resistance)
a: Blinkbolt, End Transformation, Renounce Religion, Bend Time, Temporal
Distortion, Slouch, Step From Time


You were on level 4 of the Snake Pit.
You worshipped Cheibriados.
Cheibriados was exalted by your worship.
You were a lightning-filled tempest!
You visited 5 branches of the dungeon, and saw 28 of its levels.

You collected 3606 gold pieces.
You spent 3133 gold pieces at shops.

Inventory:

Hand Weapons
 v - the +4 whip "Lufoale" (melded) {spect, rF+ rC+ Int+7}
   (You took it off a centaur on level 6 of the Dungeon)

   When its wielder attacks, the weapon's spirit leaps out and strikes again.
   The spirit shares a part of any damage it takes with its wielder.
   Int:       It affects your intelligence (+7).
   rF:        It protects you from fire.
   rC:        It protects you from cold.
Missiles
 b - 397 stones (quivered)
 n - 4 throwing nets
Armour
 l - a +1 kite shield of reflection
 M - a +1 hat of willpower (melded)
Jewellery
 c - a +4 ring of protection (left fist)
 x - the ring of Nemelex Xobeh's Pride (on tentacle) {rC+ Dex+6}
   (You acquired it on level 3 of the Lair of Beasts)

   [ring of dexterity]

   Dex:       It affects your dexterity (+6).
   rC:        It protects you from cold.
 y - the ring "Icywor" (right fist) {rElec rPois rF+ Str-2 Int+2}
   (You found it on level 8 of the Dungeon)

   [ring of protection from fire]

   Str:       It affects your strength (-2).
   Int:       It affects your intelligence (+2).
   rF:        It protects you from fire.
   rElec:     It insulates you from electricity.
   rPois:     It protects you from poison.
 K - the ring "Buczetidgh" (on tentacle) {rPois rCorr Str+2 Dex+5}
   (You found it on level 5 of the Lair of Beasts)

   [ring of poison resistance]

   Str:       It affects your strength (+2).
   Dex:       It affects your dexterity (+5).
   rPois:     It protects you from poison.
   rCorr:     It protects you from acid and corrosion.
 O - a +6 ring of strength (on tentacle)
 S - an amulet of regeneration (around neck)
 T - a +6 ring of intelligence (on tentacle)
 U - a ring of protection from fire (on tentacle)
 V - a ring of positive energy (on tentacle)
Wands
 e - a wand of iceblast (34)
 f - a wand of charming (7)
 j - a wand of mindburst (11)
 p - a wand of flame (35)
 q - a wand of polymorph (3)
 r - a wand of digging (16)
 B - a wand of paralysis (7)
 F - a wand of acid (7)
Scrolls
 d - 2 scrolls of enchant armour
 g - 4 scrolls of blinking
 s - 6 scrolls of teleportation
 u - 4 scrolls of fog
 w - 12 scrolls of identify
 A - 5 scrolls of magic mapping
 C - 2 scrolls of holy word
 D - 5 scrolls of amnesia
 H - 8 scrolls of fear
 L - a scroll of summoning
Potions
 a - 4 potions of brilliance
 h - 6 potions of might
 i - 2 potions of berserk rage
 m - 5 potions of heal wounds
 t - 5 potions of flight
 z - 4 potions of ambrosia
 E - 13 potions of curing
 I - a potion of cancellation
 J - 2 potions of magic
 R - 4 potions of mutation


   Skills:
 + Level 11.0 Fighting
 + Level 11.0 Dodging
 - Level 3.0 Stealth
 + Level 9.1 Shields
 + Level 11.1 Unarmed Combat
 + Level 12.7 Spellcasting
 - Level 3.0 Conjurations
 - Level 4.0 Translocations
 - Level 14.0 Transmutations
 - Level 3.0 Ice Magic
 - Level 12.0 Air Magic
 + Level 9.3 Earth Magic
 + Level 11.2 Invocations


You had 14 spell levels left.
You knew the following spells:

 Your Spells              Type           Power      Damage    Failure   Level
a - Storm Form            Tmut/Air       50%        N/A       3%          7
b - Passwall              Tmut/Erth      80%        N/A       0%          2
c - Stone Arrow           Conj/Erth      100%       3d13      1%          3
d - Petrify               Tmut/Erth      96%        N/A       1%          4
e - Blink                 Tloc           100%       N/A       1%          2
f - Ozocubu's Armour      Ice            55%        N/A       1%          3
g - Sandblast             Erth           100%       2d20      1%          1
h - Statue Form           Tmut/Erth      64%        N/A       1%          6

Your spell library contained the following spells:

 Spells                   Type           Power      Damage    Failure   Level
 Apportation              Tloc           100%       N/A       1%          1
 Freeze                   Ice            100%       1d11      1%          1
 Corpse Rot               Necr/Air       100%       N/A       1%          2
 Ensorcelled Hibernation  Hex/Ice        88%        N/A       1%          2
 Poisonous Vapours        Pois/Air       100%       N/A       1%          2
 Scorch                   Fire           58%        2d7       1%          2
 Conjure Flame            Conj/Fire      44%        6-21      1%          3
 Dazzling Flash           Conj/Hex       88%        N/A       1%          3
 Frozen Ramparts          Ice            100%       1d12      1%          3
 Gell's Gravitas          Tloc           61%        N/A       1%          3
 Ignite Poison            Fire/Tmut/Pois 65%        N/A       1%          3
 Portal Projectile        Hex/Tloc       96%        N/A       1%          3
 Swiftness                Air            97%        N/A       1%          3
 Teleport Other           Tloc           61%        N/A       1%          3
 Iskenderun's Mystic Bla  Conj/Tloc      58%        2d12      1%          4
 Leda's Liquefaction      Hex/Erth       32%        N/A       1%          4
 Alistair's Intoxication  Tmut/Pois      51%        N/A       1%          5
 Lee's Rapid Deconstruct  Erth           43%        3d22*     1%          5
 Call Canine Familiar     Summ           29%        N/A       2%          3
 Inner Flame              Hex/Fire       29%        N/A       2%          3
 Hailstorm                Conj/Ice       55%        3d12      2%          4
 Flame Wave               Conj/Fire      44%        2d10      4%          4
 Sticky Flame             Conj/Fire      44%        2d6       4%          4
 Manifold Assault         Tloc           61%        N/A       4%          5
 Cause Fear               Hex            14%        N/A       9%          4
 Fireball                 Conj/Fire      22%        3d10      12%         5
 Dispersal                Tloc           30%        N/A       24%         6
 Starburst                Conj/Fire      22%        6d7       56%         6
 Summon Cactus Giant      Summ           14%        N/A       77%         6
 Ozocubu's Refrigeration  Ice            27%        4d10      90%         7
 Lehudib's Crystal Spear  Conj/Erth      36%        10d9      99%         8
 Discord                  Hex            14%        N/A       100%        8
 Ignition                 Fire           14%        3d6       100%        8
 Animate Armour           Summ/Erth      Unusable   N/A       N/A         4

Dungeon Overview and Level Annotations

Branches:
Dungeon (15/15)            Temple (1/1) D:5            Lair (6/6) D:10
  Swamp (0/4) Lair:2        Snake (4/4) Lair:2        Slime (0/5) Lair:5
    Orc (2/2) D:11            Elf (0/3) Orc:2        Vaults (0/5) D:13
 Depths (0/4) D:15

Altars:
Ashenzari
Cheibriados
Dithmenos
Elyvilon
Fedhas
Gozag
Hepliaklqana
Kikubaaqudgha
Makhleb
Nemelex Xobeh
Okawaru
Qazlal
Ru
Sif Muna
Trog
Uskayaw
Vehumet
Wu Jian
Xom
Yredelemnul
Zin
The Shining One
Beogh

Shops:
D:6 (   D:9 *   D:13 !   Orc:2 *:?(   Snake:1 :==

Portals:
Pandemonium: Orc:2


Innate Abilities, Weirdness & Mutations

You are a lightning-filled tempest!
Your electrical attacks strike out in all directions at once.
You are incredibly evasive.
You are flying.
You are immune to poison.
Your armour is entirely melded.
You are incapable of wielding weapons or throwing items.
You cannot wear most types of armour.
You are amphibious.
You can wear up to eight rings at the same time.
((Your skin changes colour to match your surroundings (Stealth+).))
((Your rubbery body absorbs attacks. (AC +1, EV +1)))
((You are camouflaged when in or above water. (Stealth+)))
((You have tentacles for arms and can constrict up to eight enemies at once.))
You possess an exceptional clarity of mind.
You are strong-willed. (Will+)
((You are resistant to electric shocks. (rElec)))


Message History

The splash of poison misses you.
The salamander tyrant gazes fiercely through you!
You feel as though you will be weak longer.
The nagaraja hits you with a +0 spear!!!
The nagaraja casts a spell at you. The bolt of poison misses you.
A naga sharpshooter comes into view. It is wielding a +0 war axe.
The naga mage misses you.
The naga sharpshooter unwields a +0 war axe.
The naga sharpshooter wields a +0 arbalest.
The naga sharpshooter gestures wildly while chanting.
The naga sharpshooter magically shoots a bolt.
The bolt hits you!!
You are too injured to fight recklessly!
You are too injured to fight recklessly!
You are too injured to fight recklessly!
You are too injured to fight recklessly!
You blast the salamander tyrant!!!
The salamander tyrant is almost dead.
You batter the naga mage!! You hit the nagaraja.
Lightning courses through the nagaraja!
The salamander tyrant gazes fiercely through you!
You feel as though you will be weak longer.
The salamander tyrant completely misses you.
The naga warrior hits you from afar with a +0 glaive!
You blast the salamander tyrant!!!
You kill the salamander tyrant!
Cheibriados appreciates the change of pace.
You blast the nagaraja!!!
You blast the naga mage!!!
Lightning courses through the naga mage!
You kill the naga mage!
Cheibriados thoroughly appreciates the change of pace.
The nagaraja spits poison at you. The splash of poison misses you.
You batter the nagaraja!!
You kill the nagaraja!
Cheibriados thoroughly appreciates the change of pace.
You barely miss the naga warrior.
The naga warrior hits you from afar with a +0 glaive!!!
You die...

#...[.## #...# # .....## #...#
# .....# #...# ## .....# ##..!#
##. .....# #.".## #.. .....# .
##.).# ##.. #....# ...
##†..######..# #....#
...N.######....#).#...##
#....###
#.....Nv..))..##.....##
#....#.####...N.)).)..##.....##
#....#....####......###....###
#....#))))..#########....###
.....))##)).)#.........###
.....####))).........### ....##
###.)........## ##.##
##..).........# ###
##............##


You could see 2 naga warriors and a naga sharpshooter.

Vanquished Creatures
  Vashnia (Snake:4)
  Mlioglotl (Snake:4)
  Gastronok (D:12)
  15 nagarajas
  Aizul (Snake:1)
  Louise (D:15)
  A dire elephant (Lair:6)
  Azrael (Snake:1)
  The ghost of tilp the Severer, a journeyman HOFi of Okawaru (Lair:1)
  An ettin (Orc:1)
  The ghost of night the Fighter, a journeyman DsWn of Gozag (Orc:2)
  A fire dragon (Lair:6)
  11 hydras
  5 salamander tyrants
  9 boulder beetles
  An ogre mage (D:15)
  22 naga warriors
  3 catoblepae
  8 anacondas
  14 two-headed ogres
  A death knight (D:15)
  5 centaur warriors
  3 demonspawn (Orc:2)
  10 death yaks
  5 tengu warriors
  23 naga sharpshooters
  7 orc high priests
  Nergalle (Lair:2)
  4 shock serpents
  Sonja (Lair:3)
  A soul eater (Orc:2)
  A skeletal warrior (D:13)
  A sea snake (Snake:3)
  A deep troll (D:11)
  A swamp dragon (Lair:6)
  6 naga ritualists
  2 deep elf archers (D:15)
  A necromancer (D:15)
  4 lindwurms
  2 deep elf pyromancers
  10 mana vipers
  10 orc sorcerers
  6 orc knights (Orc:2)
  11 ugly things
  4 cyclopes
  13 elephants
  4 manticores
  8 salamanders
  5 guardian serpents
  13 naga magi
  A rust devil (Orc:2)
  37 black mambas
  A smoke demon (Orc:2)
  3 gargoyles
  2 kobold demonologists (D:13)
  A torpor snail (Lair:5)
  5 yaktaurs
  9 komodo dragons
  Psyche (D:11)
  An orange demon (Orc:2)
  7 rime drakes
  13 cane toads
  A tengu conjurer (D:15)
  6 trolls
  A meliai (D:9)
  A polar bear (Lair:3)
  2 wolf spider simulacra (D:15)
  2 hornets
  2 tarantellas (Lair:5)
  7 blink frogs
  5 slime creatures
  9 dream sheep
  2 shadows
  2 jumping spiders (Lair:5)
  2 spriggans (Lair:2)
  8 wyverns
  39 yaks
  5 wraiths
  A hog (shapeshifter) (D:11)
  A ynoxinul (Orc:2)
  6 basilisks
  2 steam dragons
  A neqoxec (Orc:2)
  6 fire elementals (Snake:1)
  12 vampire mosquitoes
  3 wargs
  54 nagas
  6 acid dragons
  Duvessa (D:6)
  16 water moccasins
  A black bear (D:10)
  2 hell hounds (Snake:1)
  A black bear (shapeshifter) (D:15)
  A sky beast (D:6)
  3 swamp drakes (Lair:6)
  A hornet zombie (D:9)
  3 ice beasts
  29 orc warriors
  6 ogres
  15 wolves
  A necrophage (D:7)
  14 centaurs
  3 phantoms
  5 kobold brigands
  2 gnoll sergeants
  10 bullfrogs
  3 scorpions
  Dowan (D:6)
  5 killer bees (D:7)
  13 wights
  An electric eel (Snake:3)
  8 howler monkeys
  5 centaur zombies
  7 lava snakes
  3 bullfrog zombies
  6 hounds
  26 orc priests
  Crazy Yiuf (D:2)
  7 centaur skeletons
  2 gnoll shamans
  2 jellies
  6 iguanas
  A bullfrog skeleton (D:5)
  Natasha (thrice) (D:2)
  13 orc wizards
  A mummy (D:11)
  19 gnolls
  A howler monkey skeleton (D:7)
  5 adders
  2 shadow imps
  3 white imps
  2 worms (D:4)
  2 dart slugs
  66 orcs
  12 ball pythons
  10 endoplasms
  6 giant cockroaches
  7 goblins
  9 hobgoblins
  4 jackals (D:1)
  3 quokkas
  A ball python skeleton (D:3)
  2 bats
  A frilled lizard (D:2)
  A giant cockroach zombie (D:3)
  A jackal skeleton (D:3)
  23 kobolds
  A quokka zombie (D:3)
  10 rats
949 creatures vanquished.

Vanquished Creatures (collateral kills)
  A wyvern (D:9)
  Ijyb (D:4)
2 creatures vanquished.

Vanquished Creatures (others)
  A skeletal warrior (D:13)
  A boggart (D:13)
  A kobold brigand (D:13)
  A gnoll (D:6)
  A bush (Lair:2)
  61 fungi
  162 plants
228 creatures vanquished.

Grand Total: 1179 creatures vanquished

Notes
Turn   | Place    | Note
-------+----------+-------------------------------------------
     0 | D:1      | inmateoo the Octopode Earth Elementalist began the quest
                  | for the Orb.
     0 | D:1      | Reached XP level 1. HP: 11/11 MP: 3/3
   548 | D:1      | Reached XP level 2. HP: 18/18 MP: 5/5
   998 | D:1      | Reached XP level 3. HP: 8/22 MP: 2/6
  1192 | D:1      | Learned a level 2 spell: Passwall
  1446 | D:1      | Learned a level 3 spell: Stone Arrow
  1581 | D:2      | Noticed a phantom
  1735 | D:2      | Reached skill level 1 in Fighting
  1799 | D:2      | Noticed Natasha
  1818 | D:2      | Killed Natasha
  1819 | D:2      | Reached XP level 4. HP: 13/28 MP: 0/7
  2022 | D:2      | You fall into a shaft and drop 1 floor!
  2065 | D:3      | Noticed a phantom
  2074 | D:3      | Killed a phantom
  2075 | D:3      | Reached skill level 1 in Conjurations
  2075 | D:3      | Reached skill level 2 in Transmutations
  2075 | D:3      | Reached XP level 5. HP: 29/34 MP: 1/8
  2829 | D:2      | Noticed Natasha
  2837 | D:2      | Killed Natasha
  2929 | D:2      | Noticed Natasha
  2933 | D:2      | Killed Natasha
  3037 | D:2      | Reached XP level 6. HP: 39/39 MP: 10/10
  3090 | D:2      | Reached skill level 1 in Unarmed Combat
  3157 | D:2      | Found a runed translucent door.
  3158 | D:2      | Noticed Crazy Yiuf
  3165 | D:2      | Killed Crazy Yiuf
  3545 | D:3      | Reached skill level 3 in Transmutations
  3545 | D:3      | Reached XP level 7. HP: 45/45 MP: 5/11
  3630 | D:3      | Learned a level 4 spell: Petrify
  4015 | D:4      | Noticed Ijyb
  4039 | D:4      | Killed Ijyb
  4840 | D:5      | Entered Level 5 of the Dungeon
  4848 | D:5      | Reached skill level 4 in Transmutations
  4848 | D:5      | Reached skill level 5 in Earth Magic
  4848 | D:5      | Reached XP level 8. HP: 38/50 MP: 9/14
  4934 | D:5      | Found a staircase to the Ecumenical Temple.
  4953 | Temple   | Entered the Ecumenical Temple
  5128 | Temple   | Became a worshipper of Cheibriados the Contemplative
  5294 | D:5      | Identified the +0 leather armour of Beusidel {rC- Will++
                  | Str+8}
  5936 | D:6      | Noticed Dowan
  5937 | D:6      | Noticed Duvessa
  5946 | D:6      | Killed Duvessa
  5959 | D:6      | Killed Dowan
  6130 | D:6      | Reached * piety under Cheibriados
  6373 | D:6      | Found Qeschiba's Weapon Shop.
  6467 | D:5      | Reached skill level 5 in Spellcasting
  6613 | D:6      | Reached XP level 9. HP: 57/57 MP: 3/16
  7017 | D:6      | Identified the +4 whip "Lufoale" {spect, rF+ rC+ Int+7}
  7390 | D:7      | Reached skill level 5 in Transmutations
  7626 | D:7      | Reached ** piety under Cheibriados
  8480 | D:7      | Learned a level 2 spell: Blink
  8484 | D:7      | Learned a level 3 spell: Ozocubu's Armour
  8538 | D:8      | Reached *** piety under Cheibriados
  8781 | D:8      | Noticed a five-headed hydra
  8787 | D:8      | Killed a five-headed hydra
  8788 | D:8      | Reached skill level 5 in Dodging
  8788 | D:8      | Reached skill level 5 in Unarmed Combat
  8788 | D:8      | Reached skill level 1 in Air Magic
  8788 | D:8      | Reached XP level 10. HP: 65/65 MP: 8/19
  8803 | D:8      | Identified the ring "Icywor" {rElec rPois rF+ Str-2 Int+2}
  9268 | D:8      | Reached skill level 6 in Transmutations
  9486 | D:9      | Found Arror Meylu's Mass Market.
  9539 | D:9      | Noticed a tengu warrior
  9631 | D:9      | Reached skill level 5 in Fighting
 10122 | D:8      | Reached **** piety under Cheibriados
 10823 | D:9      | Reached XP level 11. HP: 32/72 MP: 6/21
 11009 | D:9      | Found a hazy altar of Hepliaklqana.
 11028 | D:9      | Killed a tengu warrior
 11029 | D:9      | Reached skill level 7 in Transmutations
 11115 | D:9      | Found a stormy altar of Qazlal.
 11281 | D:10     | Entered Level 10 of the Dungeon
 11623 | D:8      | Learned a level 7 spell: Storm Form
 12074 | D:10     | Found a staircase to the Lair.
 13328 | D:10     | Reached skill level 8 in Transmutations
 13328 | D:10     | Reached skill level 5 in Air Magic
 13402 | D:10     | Reached ***** piety under Cheibriados
 13736 | Lair:1   | Entered Level 1 of the Lair of Beasts
 13737 | Lair:1   | Noticed tilp's ghost (journeyman HOFi)
 13875 | Lair:1   | Noticed a five-headed hydra
 14142 | Lair:1   | Killed a five-headed hydra
 14549 | Lair:1   | Found a runed translucent door.
 15494 | Lair:2   | Reached skill level 9 in Transmutations
 15512 | Lair:2   | Noticed a seven-headed hydra
 15525 | Lair:2   | Killed a seven-headed hydra
 15526 | Lair:2   | Reached XP level 12. HP: 46/79 MP: 14/24
 15995 | Lair:2   | Noticed a five-headed hydra
 16348 | Lair:2   | Found a staircase to the Snake Pit.
 16500 | Lair:2   | Reached skill level 10 in Transmutations
 16705 | Lair:2   | Found a staircase to the Swamp.
 16936 | Lair:2   | Noticed a catoblepas
 16940 | Lair:2   | Gained mutation: You occasionally shout uncontrollably at
                  | your foes. [mutagenic glow]
 16958 | Lair:2   | Gained mutation: Your body sometimes deteriorates upon
                  | taking damage. [mutagenic glow]
 17068 | Lair:1   | Lost mutation: Your body sometimes deteriorates upon taking
                  | damage. [potion of mutation]
 17068 | Lair:1   | Lost mutation: You occasionally shout uncontrollably at
                  | your foes. [potion of mutation]
 17068 | Lair:1   | Gained mutation: You possess an exceptional clarity of
                  | mind. [potion of mutation]
 17068 | Lair:1   | Gained mutation: You are strong-willed. (Will+) [potion of
                  | mutation]
 17068 | Lair:1   | Gained mutation: You are resistant to electric shocks.
                  | (rElec) [potion of mutation]
 17334 | Lair:2   | Killed a five-headed hydra
 17404 | Lair:2   | Killed a catoblepas
 17642 | Lair:2   | Identified the +11 hunting sling "Avaykoin" {flame, rF+
                  | Str+2}
 18366 | Lair:2   | Reached skill level 11 in Transmutations
 18461 | Lair:2   | Noticed Nergalle
 18466 | Lair:2   | Killed Nergalle
 18566 | Lair:2   | Identified the +2 leather armour "Doiracopt" {rN+}
 18987 | Lair:3   | Identified a scroll of acquirement
 18987 | Lair:3   | Acquired the ring of Nemelex Xobeh's Pride {rC+ Dex+6}
 19270 | Lair:3   | Reached XP level 13. HP: 82/83 MP: 18/26
 19625 | Lair:3   | Reached skill level 1 in Invocations
 19626 | Lair:3   | Reached ****** piety under Cheibriados
 20211 | Lair:4   | Reached skill level 12 in Transmutations
 20921 | Lair:5   | Found a staircase to the Slime Pits.
 21350 | Lair:5   | Found a runed translucent door.
 21354 | Lair:5   | Reached skill level 10 in Spellcasting
 21371 | Lair:5   | Found a runed translucent gate.
 21371 | Lair:5   | Identified the +9 whip of Hospitality {holy, Fly Dex+3
                  | Stlth+}
 21374 | Lair:5   | Found a runed translucent gate.
 21375 | Lair:5   | Found a runed translucent gate.
 21375 | Lair:5   | Found a runed translucent gate.
 21375 | Lair:5   | Found a runed translucent gate.
 21377 | Lair:5   | Found a runed translucent gate.
 21822 | Lair:5   | Identified the ring "Buczetidgh" {rPois rCorr Str+2 Dex+5}
 21890 | Lair:6   | Entered Level 6 of the Lair of Beasts
 21895 | Lair:6   | Reached skill level 10 in Air Magic
 21898 | Lair:6   | Reached XP level 14. HP: 89/92 MP: 19/28
 22425 | Lair:6   | Reached skill level 5 in Invocations
 22486 | Lair:6   | Identified the +3 hand axe "Peewut" {drain, rPois}
 22545 | Lair:6   | Noticed a dire elephant
 22553 | Lair:6   | Killed a dire elephant
 22617 | Lair:6   | Identified the +3 ring mail of the Morning {Str+7}
 23001 | Lair:3   | Noticed Sonja
 23006 | Lair:3   | Killed Sonja
 23071 | Lair:1   | Killed tilp's ghost
 23161 | D:11     | Noticed Psyche
 23165 | D:11     | Killed Psyche
 23168 | D:11     | Found a snail-covered altar of Cheibriados.
 23406 | D:11     | Found a staircase to the Orcish Mines.
 23514 | D:11     | Reached skill level 13 in Transmutations
 23518 | D:11     | Reached XP level 15. HP: 95/100 MP: 27/29
 23928 | D:12     | Noticed Gastronok
 23934 | D:12     | Killed Gastronok
 25115 | D:13     | Found a gate to the Vaults.
 25370 | D:13     | Found Meucriso's Distillery.
 25380 | D:13     | Bought a potion of heal wounds for 75 gold pieces
 25380 | D:13     | Bought a potion of curing for 45 gold pieces
 25380 | D:13     | Bought a potion of curing for 45 gold pieces
 25600 | D:14     | Found a hazy altar of Hepliaklqana.
 25601 | D:14     | Found a faded altar of an unknown god.
 25603 | D:14     | Found a faded altar of an unknown god.
 26004 | D:15     | Entered Level 15 of the Dungeon
 26094 | D:15     | Reached XP level 16. HP: 108/108 MP: 24/31
 26097 | D:15     | Noticed Louise
 26102 | D:15     | Killed Louise
 26574 | D:15     | Reached skill level 1 in Shields
 26694 | D:15     | Found a staircase to the Depths.
 26810 | D:15     | Identified the ring "Giokhluu" {*Slow rPois rC+ rCorr}
 27023 | D:15     | Identified the +3 scimitar of Viczergh {drain, rC+}
 27326 | Orc:1    | Entered Level 1 of the Orcish Mines
 27351 | Orc:1    | You are sucked into a shaft and drop 1 floor!
 27351 | Orc:2    | Entered Level 2 of the Orcish Mines
 28135 | Orc:2    | Found a staircase to the Elven Halls.
 28261 | Orc:2    | Found a runed translucent door.
 28264 | Orc:2    | Noticed night's ghost (journeyman DsWn)
 28440 | Orc:2    | Killed night's ghost
 28479 | Orc:2    | Found Yrranwobb's Magic Scroll Shop.
 28485 | Orc:2    | Found Diraweg's General Store.
 28542 | Orc:2    | Bought a scroll of amnesia for 56 gold pieces
 28542 | Orc:2    | Bought a scroll of fear for 56 gold pieces
 28544 | Orc:2    | Bought a scroll of teleportation for 36 gold pieces
 28544 | Orc:2    | Bought a scroll of fear for 42 gold pieces
 28544 | Orc:2    | Bought a scroll of acquirement for 624 gold pieces
 28544 | Orc:2    | Bought a scroll of fear for 42 gold pieces
 28544 | Orc:2    | Bought a scroll of magic mapping for 42 gold pieces
 28569 | Orc:2    | Reached skill level 10 in Fighting
 28571 | Orc:2    | Reached skill level 14 in Transmutations
 28588 | Orc:2    | Reached skill level 10 in Unarmed Combat
 28849 | Orc:2    | Found Cudich's Antique Weapon Shoppe.
 28849 | Orc:2    | Found Doryat's Book Emporium.
 28850 | Orc:2    | Found a one-way gate leading to the halls of Pandemonium.
 28977 | Orc:2    | Acquired 1239 gold pieces
 29131 | Snake:1  | Entered Level 1 of the Snake Pit
 29152 | Snake:1  | Noticed Azrael
 29164 | Snake:1  | Killed Azrael
 29208 | Snake:1  | Reached skill level 10 in Dodging
 29366 | Snake:1  | Reached XP level 17. HP: 102/115 MP: 26/33
 29456 | Snake:1  | Reached skill level 5 in Shields
 29532 | Snake:1  | Noticed Aizul
 29540 | Snake:1  | Killed Aizul
 29546 | Snake:1  | Found Caute's Jewellery Shop.
 29547 | Snake:1  | Found Tujiulil's Book Shoppe.
 29548 | Snake:1  | Found Eroejip's Jewellery Shop.
 29556 | Snake:1  | Bought an amulet of regeneration for 360 gold pieces
 29568 | Snake:1  | Bought a +6 ring of intelligence for 702 gold pieces
 29568 | Snake:1  | Bought a ring of protection from fire for 300 gold pieces
 29568 | Snake:1  | Bought a ring of positive energy for 240 gold pieces
 29579 | Snake:1  | Bought a book of the Earth for 468 gold pieces
 29586 | Snake:1  | Learned a level 6 spell: Statue Form
 29755 | Snake:1  | Reached skill level 10 in Invocations
 30615 | Snake:2  | Reached skill level 1 in Ice Magic
 30801 | Snake:3  | Reached skill level 1 in Translocations
 31761 | Snake:4  | Entered Level 4 of the Snake Pit
 31849 | Snake:4  | Noticed Mlioglotl
 31861 | Snake:4  | Killed Mlioglotl
 31947 | Snake:4  | Reached XP level 18. HP: 122/122 MP: 27/34
 32271 | Snake:4  | Noticed Vashnia
 32280 | Snake:4  | Killed Vashnia
 32627 | Snake:4  | Slain by a naga warrior

Illustrated notes

Levels and vault maps discovered:
D:1:      scummos_arrival_gate, layout_basic, amethyst_killhole,
          minmay_rat_gold_closets
D:2:      layout_basic, minivault_24, columned_hall_lemuel, uniq_natasha,
          uniq_crazy_yiuf_cottage
D:3:      layout_basic, serial_undead, serial_undead_f, serial_undead_a,
          serial_undead_b, serial_undead_f
D:4:      layout_cave_pools, uniq_ijyb
D:5:      layout_basic, minmay_temple_entry_large_hall
D:6:      layout_rooms, serial_shops, shop, uniq_duvessa
D:7:      layout_basic
D:8:      layout_basic, kennysheep_boxes
D:9:      layout_cross, mainiacjoe_overflow_alcove_1, enter_bailey_7,
          minmay_shop_mass, dk_noncrumbling_2, minmay_ruined_shrine
D:10:     layout_layer_cave, david_lair_generic
D:11:     nzn_winding_woodlands_small [nzn_winding_woodlands_5x15_pockets,
          nzn_winding_woodlands_center_diamonds,
          nzn_winding_woodlands_5x15_longhouse], layout_rooms, david_orc_5,
          slow_altar_1, uniq_psyche
D:12:     layout_stronghold, uniq_gastronok
D:13:     layout_rooms, hangedman_vaults_entry_quadrant_bands, serial_shops,
          shop, minmay_circle_x
D:14:     layout_roguey, nicolae_hepliaklqana_ecumenical_no_more
D:15:     grunt_enter_depths_magical_seal, layout_small_grid,
          roderic_nine_men_s_morris, minmay_the_grid_2x2 [minmay_the_grid_tree,
          minmay_the_grid_broken_lines, minmay_the_grid_outer_circle,
          minmay_the_grid_prize_four_corners_diamond_b], uniq_louise
Temple:   mainiacjoe_temple_starburst
Lair:1:   layout_regular_city, hellmonk_ghost_happy_afterlife,
          lemuel_old_faithful
Lair:2:   wad_woods_tower, layout_layer_cave, minmay_swamp_entry_reptiles,
          guppyfry_snake_entry_garden, uniq_nergalle
Lair:3:   layout_chaotic_city, ldierk_geyser, uniq_sonja
Lair:4:   layout_regular_city
Lair:5:   gammafunk_indiana_jones, layout_misc_corridors, slime_dummy,
          infiniplex_staircase_pool_2
Lair:6:   hangedman_lair_in_review, layout_gridlike, guppyfry_lair_end_dragon,
          st_stairs_4
Snake:1:  layout_chambers, minmay_shop_grove, uniq_azrael, uniq_aizul
Snake:2:  layout_rooms
Snake:3:  layout_basic, serial_bayou_shore_a
Snake:4:  grunt_snake_rune_spirals, layout_onion, ebering_ghost_rock_garden,
          uniq_vashnia, uniq_mlioglotl
Orc:1:    layout_caves
Orc:2:    pf_orc_diabolical, layout_caves, ebering_ghost_inner_flame

Skill      XL: |  1  2  3  4  5  6  7  8  9 10 11 12 13 14 15 16 17 18 |
---------------+-------------------------------------------------------+-----
Stealth        | 3 |  3.0
Fighting       | 1 2 3 4 5 6 7 8 9 10 11 | 11.0
Conjurations   | 1 2 3 |  3.0
Transmutations | 2 3 4 5 6 9 11 12 13 14 | 14.0
Dodging        | 3 5 6 7 8 10 11 | 11.0
Unarmed Combat | 1 2 3 5 6 7 8 9 10 11 | 11.1
Spellcasting   | 3 4 5 6 8 9 10 11 12 | 12.7
Earth Magic    | 4 5 6 7 8 9 |  9.3
Air Magic      | 1 3 6 8 10 11 12 | 12.0
Invocations    | 3 6 7 9 10 11 | 11.2
Shields        | 4 8 9 |  9.1
Ice Magic      | 3 |  3.0
Translocations | 3 4 |  4.0

Action                   |  1- 3 |  4- 6 |  7- 9 | 10-12 | 13-15 | 16-18 || total
-------------------------+-------+-------+-------+-------+-------+-------++-------
Melee: Unarmed           |    51 |    24 |    18 |    34 |   400 |   619 ||  1146
       Constrict         |    19 |    10 |    28 |    48 |    11 |       ||   116
       Tentacles         |    15 |    16 |    36 |   126 |    28 |     2 ||   223
       Punch             |     1 |     1 |     5 |    28 |    32 |    44 ||   111
       Quarterstaff      |       |    10 |    36 |       |       |       ||    46
       Dagger            |       |       |    19 |       |       |       ||    19
       Whip              |       |       |    57 |   339 |    53 |     5 ||   454
Throw: Dart              |     3 |       |     4 |     1 |       |       ||     8
       Stone             |     1 |       |     1 |       |       |       ||     2
 Cast: Sandblast         |    27 |    53 |    83 |    28 |       |       ||   191
       Stone Arrow       |       |     1 |    43 |    58 |     1 |       ||   103
       Petrify           |       |       |     3 |    18 |       |       ||    21
       Ozocubu's Armour  |       |       |       |    10 |     1 |       ||    11
       Storm Form        |       |       |       |     5 |    54 |    51 ||   110
Invok: Temporal Distorti |       |       |       |       |       |     1 ||     1
 Abil: Blinkbolt         |       |       |       |     2 |     1 |     1 ||     4
       End Transformatio |       |       |       |       |     1 |       ||     1
Evoke: Wand              |       |       |     3 |     4 |       |       ||     7
  Use: Scroll            |     2 |     4 |    11 |    18 |     4 |     2 ||    41
       Potion            |     1 |       |     4 |     5 |       |     1 ||    11
 Stab: Sleeping          |    10 |     5 |     5 |     3 |     4 |     2 ||    29
       Petrified         |       |       |       |    57 |       |       ||    57
       Distracted        |       |       |       |     3 |     3 |     1 ||     7
       Petrifying        |       |       |       |     3 |       |       ||     3
Armor: Skin              |    15 |     9 |    79 |   109 |   114 |   134 ||   460
Dodge: Dodged            |    36 |    38 |   130 |   327 |   667 |   922 ||  2120
